Map: Turbo Cruise '84 LE

Players

PeLLy - Winner!

  • Race: Zerg Zerg
  • League: Diamond
  • Spawn Location: 3:00

Goo

  • Race: Zerg Zerg
  • League: Platinum
  • Spawn Location: 7:00

VOD

Have the link to the VOD?

Description

Time

  • Played on: Aug. 18, 2019, 9:31 a.m.
  • Length: 17:51
Show
View Real Time Build Order
Export as new Build Order

PeLLy Zerg - Winner!

Build Orders: Hatch First 

Get SALT Encoding   

  12  0:01  Drone  
  13  0:13  Overlord  
  13  0:19  Drone  
  14  0:31  Drone x2  
  16  0:37  Drone  
  17  0:52  Hatchery  
  17  0:56  Drone  
  17  1:11  Spawning Pool  
  16  1:13  Drone  
  16  1:17  Extractor  
  16  1:18  Drone  
  17  1:22  Drone  
  18  1:31  Drone  
  19  1:39  Overlord  
  19  1:59  Queen  
  21  2:02  Zergling x4  
  23  2:11  Zergling x2  
  24  2:20  Zergling x4  
  26  2:25  Queen  
  28  2:34  Baneling Nest  
  27  2:44  Drone  
  27  2:45  Drone x4  
  32  3:01  Queen  
  24  3:06  Drone x2  
  24  3:07  Drone  
  22  3:21  Drone x3  
  25  3:32  Drone  
  25  3:33  Drone  
  23  3:44  Drone x2  
  25  3:54  Drone x2  
  27  3:58  Zergling x2  
  27  3:59  Zergling x2  
  29  4:03  Zergling x2  
  30  4:16  Metabolic Boost  
  30  4:19  Drone x3  
  33  4:27  Evolution Chamber  
  32  4:31  Baneling x2  
  32  4:33  Evolution Chamber  
  31  4:43  Drone x3  
  31  4:44  Drone  
  31  5:06  Drone x7  
  35  5:14  Drone  
  35  5:17  Overlord  
  36  5:27  Overlord x2  
  36  5:37  Roach Warren  
  36  5:41  Drone x3  
  38  5:55  Drone  
  38  5:56  Drone x5  
  44  5:58  Extractor  
  43  6:09  Baneling x3  
  43  6:15  Drone x5  
  47  6:23  Drone  
  47  6:24  Drone x2  
  47  6:25  Drone  
  51  6:26  Zerg Missile Weapons Level 1  
  51  6:29  Zergling x2  
  51  6:48  Extractor  
  51  6:50  Roach  
  51  6:51  Roach x4  
  60  6:55  Lair  
  60  7:00  Extractor  
  59  7:05  Zerg Melee Weapons Level 1  
  59  7:06  Zergling x2  
  59  7:08  Hatchery  
  59  7:09  Baneling x2  
  59  7:15  Overlord x4  
  59  7:20  Spine Crawler  
  59  7:22  Spine Crawler  
  57  7:24  Spine Crawler  
  57  7:26  Baneling x2  
  58  7:30  Roach x2  
  58  7:36  Overlord x2  
  60  7:51  Roach x4  
  68  8:00  Glial Reconstitution  
  68  8:22  Roach x8  
  68  8:23  Roach  
  86  8:41  Roach x4  
  94  8:46  Overseer x2  
  94  8:47  Drone  
  96  8:48  Drone  
  96  8:54  Zerg Missile Weapons Level 2  
  96  8:58  Roach x3  
  102  9:09  Drone  
  103  9:10  Drone x5  
  103  9:17  Hydralisk Den  
  107  9:22  Ravager  
  107  9:23  Ravager  
  109  9:32  Tunneling Claws  
  107  9:52  Spore Crawler  
  102  9:53  Spore Crawler  
  102  9:58  Spore Crawler  
  102  9:59  Spore Crawler  
  94  10:00  Spire  
  89  10:13  Queen x3  
  91  10:14  Hydralisk  
  91  10:15  Hydralisk  
  91  10:19  Spore Crawler  
  91  10:20  Spore Crawler  
  86  10:25  Drone x2  
  49  10:55  Hydralisk x3  
  35  11:15  Drone x6  
  35  11:16  Drone  
  36  11:37  Spore Crawler  
  35  11:42  Spore Crawler  
  35  11:46  Spore Crawler  
  33  11:51  Drone x5  
  33  11:52  Drone  
  39  12:05  Spore Crawler, Drone x3  
  41  12:09  Extractor  
  41  12:15  Drone  
  41  12:16  Drone  
  41  12:17  Drone  
  43  12:25  Drone x3  
  43  12:26  Drone  
  47  12:50  Hydralisk Den  
  46  12:51  Extractor  
  45  13:04  Queen  
  45  13:14  Drone x5  
  45  13:16  Drone  
  45  13:17  Drone  
  52  13:21  Drone  
  52  13:22  Queen  
  55  13:29  Drone x6  
  55  13:30  Drone x3  
  55  13:32  Zerg Melee Weapons Level 2  
  64  13:35  Hydralisk x4  
  72  13:52  Hydralisk x4  
  80  14:10  Grooved Spines  
  69  14:25  Drone x14  
  73  14:40  Drone  
  73  14:41  Drone x2  
  73  14:42  Drone  
  73  14:44  Drone x2  
  76  15:12  Roach x8  
  92  15:16  Drone  
  93  15:25  Lurker Den  
  58  16:05  Hydralisk x6  
  58  16:06  Hydralisk x3  
  76  16:17  Drone  
  76  16:18  Drone x2  
  79  16:27  Drone x2  
  79  16:29  Drone  
  82  16:38  Roach x2  
  80  17:14  Roach x8  
  80  17:15  Roach x8  
  104  17:25  Ravager  
  105  17:32  Overlord x5  
Show
View Real Time Build Order
Export as new Build Order

Goo Zerg 

Build Orders: Pool First, Zergling Baneling 

Get SALT Encoding   

  12  0:01  Drone  
  13  0:09  Drone  
  14  0:19  Overlord  
  14  0:37  Drone x3  
  17  0:47  Spawning Pool  
  16  0:53  Extractor  
  15  1:00  Drone x2  
  17  1:24  Hatchery  
  16  1:34  Zergling x6  
  19  1:44  Baneling Nest  
  18  1:48  Zergling x2  
  19  2:06  Queen  
  21  2:09  Drone  
  21  2:32  Baneling x6  
  21  2:44  Zergling x4  
  23  2:51  Zergling x4  
  23  2:52  Zergling x2  
  21  3:17  Zergling x4  
  21  3:18  Zergling x6  
  23  3:22  Spine Crawler  
  21  3:41  Baneling x3  
  21  3:42  Baneling  
  21  3:44  Drone  
  22  4:08  Drone x6  
  28  4:20  Overlord  
  27  4:44  Overlord x2  
  23  5:07  Zergling x4  
  23  5:08  Drone x3  
  23  5:09  Drone x3  
  23  5:10  Queen  
  33  5:19  Roach Warren  
  32  5:25  Zergling x2  
  32  5:26  Zergling x2  
  34  5:29  Baneling x4  
  34  5:39  Overlord  
  34  5:46  Extractor  
  34  5:47  Drone x5  
  38  5:57  Lair  
  38  6:00  Roach x2  
  42  6:21  Roach  
  42  6:22  Roach x3  
  42  6:23  Drone x2  
  42  6:25  Overlord  
  52  6:26  Overlord  
  52  6:45  Roach x2  
  52  6:46  Drone x5  
  59  6:56  Spire  
  59  7:00  Extractor  
  57  7:05  Zergling x2  
  57  7:06  Zergling x2  
  57  7:07  Drone x3  
  62  7:13  Spore Crawler  
  61  7:19  Spore Crawler  
  60  7:23  Drone x2  
  60  7:24  Drone x4  
  66  7:35  Extractor, Drone x3  
  68  7:37  Overlord  
  68  7:54  Hatchery  
  67  7:59  Drone x6  
  73  8:07  Drone x2  
  73  8:08  Drone  
  73  8:09  Overlord x2  
  75  8:30  Mutalisk x4  
  75  8:31  Mutalisk x2  
  87  8:37  Mutalisk x2  
  91  9:13  Mutalisk x3  
  97  9:20  Spine Crawler  
  97  9:21  Spine Crawler  
  97  9:22  Spine Crawler  
  94  9:24  Spine Crawler  
  94  9:25  Spine Crawler, Zergling x2  
  94  9:26  Roach  
  94  9:27  Spine Crawler, Roach x2  
  94  9:28  Spine Crawler  
  97  9:36  Overlord  
  97  9:37  Overlord x2  
  92  10:18  Roach x5  
  92  10:19  Roach  
  91  10:33  Mutalisk x2  
  68  10:54  Mutalisk x4  
  52  11:49  Zergling x2  
  52  11:50  Roach x5  
  59  11:54  Queen  
  59  11:56  Queen  
  63  12:16  Hatchery x2, Zergling x8  
  65  12:27  Hatchery  
  64  12:49  Drone x6  
  60  13:08  Zergling x4  
  62  13:22  Queen  
  62  13:23  Queen  
  62  13:26  Centrifical Hooks  
  66  13:30  Evolution Chamber  
  66  13:31  Zerg Flyer Armor Level 1, Evolution Chamber  
  64  13:40  Mutalisk x4  
  64  13:41  Mutalisk x7  
  72  13:46  Baneling  
  72  13:47  Baneling x3  
  86  13:51  Baneling  
  86  13:52  Baneling x4  
  80  14:41  Zergling x14  
  85  14:58  Zergling x2  
  85  14:59  Zergling x24  
  96  15:15  Baneling  
  96  15:16  Baneling x9  
  96  15:17  Baneling  
  96  15:22  Drone  
  96  15:23  Drone  
  57  16:09  Drone  
  57  16:10  Drone x8  
  57  16:11  Zergling x10  
  59  16:33  Baneling x8  
  59  16:51  Roach x3  
  60  17:12  Roach  
  60  17:13  Roach x3  
  66  17:28  Roach x2  
Tags
 
Add a new tag
Caveats
  • Supply blocks, unpowered buildings, or Contaminate may cause inaccurate times.
  • Supply counts are checked every 10 seconds.